AoeStats
← Lorbyron

Black Forest

508947986Analyzed
3v3 RM · 6d ago on Sep 24, 2026· 54m 26s· 6 players
Game mode
Random Map
Map size
Normal (6 player)
Population
200
Speed
Normal
Resources
Standard
Victory
Conquest
Starting age
Dark Age
Ending age
Imperial Age
RankedLock teamsTeams togetherTeam positionsShared explorationLock speedFull tech treeHidden civsTurbo modeCheats
Victory
Defeat
🇫🇷 Persians · France
889
+7
🇫🇷 Britons · France
851
+8
🇫🇷 Franks · France
736
+13
🇹🇷 Maya · Türkiye
739
-12
🇫🇷 Franks · France
638
-8
🇩🇪 Persians · Germany
626
-8
HALOF
14:36 Feudal Age
16:35 Double-Bit Axe
19:35 Castle Age
23:44 Bow Saw
24:35 Forging
26:15 Iron Casting
30:11 Wheelbarrow
30:09 Gold Mining
37:25 Hand Cart
39:00 Gold Shaft Mining
38:50 Stone Mining
46:36 Imperial Age
48:32 Blast Furnace
50:40 Cavalier
kolb-alexander
19:29 Feudal Age
20:25 Double-Bit Axe
20:33 Horse Collar
21:02 Gold Mining
23:14 Stone Mining
25:28 Castle Age
24:28 Scale Barding Armor
24:13 Fletching
24:42 Bloodlines
25:02 Forging
26:20 Bodkin Arrow
27:07 Bow Saw
27:03 Husbandry
27:28 Chain Barding Armor
28:17 Gold Shaft Mining
29:35 Stone Shaft Mining
29:02 Squires
29:34 Ballistics
32:01 Iron Casting
36:08 Imperial Age
33:49 Scale Mail Armor
37:05 Conscription
37:17 Murder Holes
38:01 Wheelbarrow
38:18 Plate Barding Armor
37:26 Heavy Camel Rider
40:03 Two-Man Saw
39:34 Heavy Plow
41:21 Caravan
42:29 Blast Furnace
42:03 Masonry
43:31 Crop Rotation
45:51 Hand Cart
45:49 Pikeman
46:34 Halberdier
Mordecai
0:28 Loom
11:48 Feudal Age
12:19 Double-Bit Axe
12:17 Horse Collar
14:39 Wheelbarrow
16:06 Gold Mining
16:07 Stone Mining
21:20 Castle Age
20:43 Padded Archer Armor
20:34 Fletching
20:45 Scale Mail Armor
21:07 Forging
27:54 Squires
30:50 Pikeman
32:44 Bow Saw
32:39 Heavy Plow
35:27 Hand Cart
35:16 Hul'che Javelineers
37:36 Iron Casting
37:17 Leather Archer Armor
37:41 Chain Mail Armor
40:07 Stone Shaft Mining
43:28 Imperial Age
41:12 Bodkin Arrow
44:08 Elite Plumed Archer
45:28 Hoardings
45:18 Conscription
45:31 Crop Rotation
46:05 Two-Man Saw
45:22 Bracer
45:53 Ring Archer Armor
48:47 Chemistry
Triton
0:43 Loom
12:21 Feudal Age
15:41 Forging
24:29 Castle Age
22:59 Double-Bit Axe
22:56 Horse Collar
24:01 Stone Mining
26:51 Bow Saw
29:04 Heavy Plow
31:30 Fletching
34:35 Padded Archer Armor
35:06 Gold Mining
36:10 Crossbowman
39:07 Ballistics
39:38 Bodkin Arrow
39:16 Pikeman
40:52 Leather Archer Armor
41:13 Iron Casting
41:16 Scale Mail Armor
41:52 Squires
44:57 Imperial Age
43:32 Chain Mail Armor
44:05 Wheelbarrow
45:40 Bracer
46:11 Ring Archer Armor
46:11 Plate Mail Armor
46:42 Blast Furnace
46:45 Chemistry
45:31 Arrowslits
45:20 Halberdier
45:43 Arbalester
47:06 Hand Cart
48:14 Elite Longbowman
49:15 Conscription
49:49 Capped Ram
52:20 Spies/Treason
Lorbyron
11:55 Feudal Age
12:45 Double-Bit Axe
13:48 Wheelbarrow
19:35 Castle Age
17:54 Stone Mining
19:04 Gold Mining
20:41 Scale Mail Armor
20:52 Forging
23:45 Bow Saw
26:09 Chain Mail Armor
26:29 Iron Casting
26:00 Scale Barding Armor
26:41 Gold Shaft Mining
30:13 Murder Holes
33:19 Imperial Age
30:45 Pikeman
31:26 Squires
32:32 Chain Barding Armor
34:00 Cavalier
35:23 Caravan
37:24 Hand Cart
36:49 Elite Skirmisher
36:59 Elite Throwing Axeman
37:09 Paladin
37:54 Padded Archer Armor
37:45 Fletching
40:15 Chivalry
39:41 Ordonnance Companies
41:22 Conscription
41:49 Hoardings
41:08 Halberdier
44:07 Plate Mail Armor
44:37 Blast Furnace
44:13 Plate Barding Armor
43:53 Leather Archer Armor
43:34 Bodkin Arrow
46:24 Chemistry
45:46 Ballistics
46:05 Siege Engineers
48:48 Town Watch
51:01 Masonry
50:31 Treadmill Crane
52:13 Spies/Treason
Merlouche
3:14 Loom
10:29 Feudal Age
14:56 Horse Collar
15:06 Double-Bit Axe
18:50 Castle Age
18:04 Stone Mining
19:59 Heavy Plow
20:22 Bow Saw
23:34 Gold Mining
29:26 Forging
29:16 Scale Mail Armor
29:07 Fletching
29:22 Padded Archer Armor
29:27 Scale Barding Armor
30:03 Wheelbarrow
29:14 Town Watch
31:54 Iron Casting
31:15 Bodkin Arrow
31:37 Chain Mail Armor
31:51 Hand Cart
36:13 Imperial Age
33:46 Town Patrol
35:23 Gold Shaft Mining
35:24 Stone Shaft Mining
35:31 Stone Shaft Mining
35:16 Leather Archer Armor
35:21 Chain Barding Armor
35:21 Thumb Ring
34:37 Crossbowman
35:42 Ballistics
35:32 Masonry
35:18 Murder Holes
35:37 Kamandaran
35:46 Squires
35:36 Arson
37:30 Blast Furnace
37:01 Plate Mail Armor
37:01 Ring Archer Armor
36:50 Caravan
37:59 Plate Barding Armor
37:40 Citadels
37:52 Conscription
38:08 Hoardings
39:23 Two-Man Saw
38:55 Crop Rotation
38:10 Elite War Elephant
39:34 Husbandry
39:45 Bloodlines
41:42 Architecture
42:13 Chemistry
48:25 Devotion
52:12 Spies/Treason
Connection lost

Rejoining the realm…

Still unreachable

The connection could not be restored.

Session expired

The server has moved on; the page needs a fresh start.